 Dungeon Crawl Stone Soup version 0.31-a0-750-gfe7b580527 (webtiles) character file.

Game seed: 8552946216350066769

56 cforsyth the Sneak (level 4, 0/37 HPs)
             Began as a Djinni Delver on Sept 14, 2023.
             Slain by a gnoll
             ... wielding a +0 club
              (4 damage)
             ... on level 4 of the Dungeon.
             The game lasted 00:01:01 (696 turns).

cforsyth the Sneak (Djinni Delver)                   Turns: 696, Time: 00:01:01

Health: 0/37       AC:  3    Str: 11    XL:     4   Next: 15%
Gold:   38         EV: 12    Int: 14    God:
                   SH:  0    Dex: 14

rFire   + + .        a - +1 falchion
rCold   x . .        (no shield)
rNeg    . . .        b - +0 leather armour
rPois   ∞            (no helmet)
rElec   .            (no cloak)
rCorr   .            (no gloves)
SInv    .            (boots unavailable)
Will    .....        (no amulet)
Stlth   ++           (no ring)
HPRegen 0.26/turn    (no ring)
MPRegen 0.00/turn

%: infuse magic (-1 HP)
@: flying
A: sickness immunity, fire resistance 2, cold vulnerability 1, float, innate
caster, HP casting, extra vitality 1
a: no special abilities


You were on level 4 of the Dungeon.
You visited 1 branch of the dungeon, and saw 2 of its levels.

You collected 38 gold pieces.

Inventory:

Hand Weapons
 a - a +1 falchion (weapon)
Armour
 b - a +0 leather armour (worn)
Wands
 g - a wand of digging (3)
Scrolls
 c - a scroll of fog
 d - 2 scrolls of revelation
Potions
 e - a potion of curing {unknown}
 f - a potion of haste


   Skills:
 + Level 3.9 Fighting
 - Level 1.7 Long Blades
 - Level 2.1 Dodging
 - Level 4.1 Stealth
 + Level 1.6 Spellcasting
 + Level 1.6 Conjurations
 + Level 1.6 Hexes
   Level 0.0 Charms
 + Level 1.6 Summonings
 + Level 1.6 Necromancy
 + Level 1.6 Translocations
 + Level 1.6 Transmutations
 + Level 1.6 Fire Magic
 + Level 1.6 Ice Magic
 + Level 1.6 Air Magic
 + Level 1.6 Earth Magic
 + Level 1.6 Poison Magic


You knew the following spells:

 Your Spells              Type           Power      Damage    Failure   Level
a - Magic Dart            Conj           20%        1d4       17%         1
Your spell library was empty.

Dungeon Overview and Level Annotations

Branches:
Dungeon (5/15)
 Temple: D:4-7

Altars:


Innate Abilities, Weirdness & Mutations

You are immune to sickness and miasma.
You are immune to poison.
Your flesh is very heat resistant. (rF++)
You are vulnerable to cold. (rC-)
You float through the air rather than walking.
You learn spells naturally, not from books.
Your magical power is your life essence.
You have superior vitality. (+4 MHP)


Message History

You hear a shout!
You are too injured to fight recklessly!
You are too injured to fight recklessly!
You are too injured to fight recklessly!
You are too injured to fight recklessly!
You are too injured to fight recklessly!
You are too injured to fight recklessly!
You are too injured to fight recklessly!
The gnoll attacks as it pursues you! The gnoll misses you.
The gnoll attacks as it pursues you! The gnoll hits you with a +0 club.
* * * LOW HITPOINT WARNING * * *
An orc comes into view. It is wielding a +0 morningstar.
The gnoll shouts!
You hit the gnoll but do no damage.
The gnoll is almost dead.
A gnoll comes into view. It is wielding a +0 flail.
The gnoll hits you with a +0 club.
* * * LOW HITPOINT WARNING * * *
You closely miss the gnoll.
The gnoll is almost dead.
The gnoll closely misses you.
You completely miss the gnoll.
The gnoll is almost dead.
The gnoll hits you with a +0 club.
* * * LOW HITPOINT WARNING * * *
The gnoll shouts! x2
You slash the gnoll!
You kill the gnoll!
The gnoll hits you from afar with a +0 spear.
* * * LOW HITPOINT WARNING * * *
You have reached level 4!
You feel clever.
Unknown command.
Unknown command.
Unknown command.
As you read the scroll labelled ENICOCRASI, it crumbles to dust.
It is a scroll of enchant weapon.
Your +0 falchion glows red for a moment.
The gnoll hits you with a +0 club.
You die...

#.#####.## #..#
#####.## #..#
#......# #..#
#..###.# ...#
#.#......# .#..#
.#.......#####.#..g#
....###....g.....
###......?og.g...
#.....#.#@#####.
#.###..!#g# .....#g#
##.##.#.# #.
#.#....# # #.###.##
<.# ..# #.# ..#


You could see 5 gnolls and an orc.

Vanquished Creatures
  3 gnolls
  2 adders (D:5)
  A shadow imp (D:5)
6 creatures vanquished.

Notes
Turn   | Place    | Note
-------+----------+-------------------------------------------
     0 | D:5      | cforsyth the Djinni Delver began the quest for the Orb.
     0 | D:5      | Reached XP level 1. HP: 20/20 MP: 0/0
    78 | D:5      | Reached XP level 2. HP: 25/25 MP: 0/0
   135 | D:5      | Reached skill level 1 in Spellcasting
   135 | D:5      | Reached skill level 1 in Conjurations
   135 | D:5      | Reached skill level 1 in Hexes
   135 | D:5      | Reached skill level 1 in Summonings
   135 | D:5      | Reached skill level 1 in Necromancy
   135 | D:5      | Reached skill level 1 in Translocations
   135 | D:5      | Reached skill level 1 in Transmutations
   135 | D:5      | Reached skill level 1 in Fire Magic
   135 | D:5      | Reached skill level 1 in Ice Magic
   135 | D:5      | Reached skill level 1 in Air Magic
   135 | D:5      | Reached skill level 1 in Earth Magic
   135 | D:5      | Reached skill level 1 in Poison Magic
   197 | D:5      | Reached XP level 3. HP: 6/30 MP: 0/0
   197 | D:5      | Learned a level 1 spell: Magic Dart
   696 | D:4      | Reached XP level 4. HP: 4/37 MP: 0/0
   696 | D:4      | Slain by a gnoll

Illustrated notes

Levels and vault maps discovered:
D:4:      layout_loops_ring, serial_shops, nicolae_shop_stone,
          biasface_ghost_orc_armoury, minmay_misc_feat_columns
D:5:      layout_loops_cross, gammafunk_ghost_nasty_kobolds

Skill      XL: |  1  2 |
---------------+-------+-----
Spellcasting   | 1 |  1.6
Conjurations   | 1 |  1.6
Hexes          | 1 |  1.6
Summonings     | 1 |  1.6
Necromancy     | 1 |  1.6
Translocations | 1 |  1.6
Transmutations | 1 |  1.6
Fire Magic     | 1 |  1.6
Ice Magic      | 1 |  1.6
Air Magic      | 1 |  1.6
Earth Magic    | 1 |  1.6
Poison Magic   | 1 |  1.6
Fighting       | |  3.9
Long Blades    | |  1.7
Dodging        | |  2.1
Stealth        | |  4.1

Action                     |  1- 3 |  4- 6 || total
---------------------------+-------+-------++-------
  Melee: Falchion          |    55 |       ||    55
         Punch             |     1 |       ||     1
    Use: Scroll            |     1 |     1 ||     2
   Stab: Sleeping          |     2 |       ||     2
 Armour: Leather armour    |    42 |     1 ||    43
  Dodge: Dodged            |    27 |       ||    27

Table legend: (Time is in decaauts)
 A = Elapsed time spent in this place.
 B = Non-inter-level travel time spent in this place.
 C = Inter-level travel time spent in this place.
 D = Time resting spent in this place.
 E = Time spent auto-exploring this place.
 F = Levels seen in this place.
 G = Mean time per level.
                   A        B        C        D        E       F      G
               +--------+--------+--------+--------+--------+-----+--------+
         Total |    707 |    691 |     16 |     15 |    508 |   2 |  353.5 |
       Dungeon |    707 |    691 |     16 |     15 |    508 |   2 |  353.5 |
               +--------+--------+--------+--------+--------+-----+--------+

Top non-repeatable levels by time:
     D:5: 489 daAuts
     D:4: 217 daAuts
